 Dungeon Crawl Stone Soup version 0.28.0-43-g3370ac3207 (webtiles) character file.

Game seed: 3267041354175722807

181 Orthodox the Bolt Thrower (level 5, -1/49 HPs)
             Began as a Deep Dwarf Hunter on Mar 28, 2022.
             Slain by an orc warrior
             ... wielding a +0 hand axe
              (11 damage)
             ... on level 4 of the Dungeon.
             The game lasted 00:14:16 (3658 turns).

Orthodox the Bolt Thrower (Deep Dwarf Hunter)       Turns: 3658, Time: 00:14:17

Health: -1/49      AC:  6    Str: 16    XL:     5   Next: 34%
Magic:  4/4        EV: 11    Int: 11    God:
Gold:   129        SH:  3    Dex: 15    Spells: 4/4 levels left

rFire   . . .      SeeInvis .   i - +0 war axe
rCold   . . .      Faith    .   j - +0 buckler
rNeg    . . .      Spirit   .   c - +0 leather armour
rPois   .          Reflect  .   b - +2 helmet
rElec   .          Harm     .   (no cloak)
rCorr   .          Rampage  .   (no gloves)
Will    .....                   (no boots)
Stlth   ++........              (no amulet)
HPRegen 0.00/turn               (no ring)
MPRegen 0.09/turn               (no ring)

@: no status effects
A: damage resistance, heal wounds, sense surroundings 1, no regeneration
a: Heal Wounds


You were on level 4 of the Dungeon.
You visited 1 branch of the dungeon, and saw 4 of its levels.

You collected 129 gold pieces.

Inventory:

Hand Weapons
 a - a +2 hand crossbow
 i - a +0 war axe (weapon)
Armour
 b - a +2 helmet (worn)
 c - a +0 leather armour (worn)
 j - a +0 buckler (worn)
Wands
 e - a wand of polymorph (12)
Scrolls
 f - 2 scrolls of identify {@r1}
 g - 2 scrolls of enchant armour
 n - a scroll of amnesia {unknown}
Potions
 m - a potion of brilliance {unknown}
 o - a potion of lignification {unknown}
 p - a potion of haste {unknown}


   Skills:
 + Level 3.5 Fighting
 + Level 2.2 Axes
 + Level 5.7 Crossbows
 - Level 2.1 Dodging
 - Level 1.2 Stealth


You had 4 spell levels left.
You didn't know any spells.
Your spell library contained the following spells:

 Spells                   Type           Power      Damage    Failure   Level
 Corpse Rot               Necr/Air       0%         N/A       65%         2
 Dispel Undead            Necr           0%         3d6       99%         4
 Death Channel            Necr           0%         N/A       100%        6


Dungeon Overview and Level Annotations

Branches:
Dungeon (4/15)
 Temple: D:4-7

Altars:
Okawaru


Innate Abilities, Weirdness & Mutations

You are resistant to damage.
You can heal yourself by infusing magical energy.
You passively map a small area around you.
You do not regenerate.


Message History

Unknown command.
The orc warrior throws a boomerang.
The boomerang barely misses you.
Fire: 2 bolts
Press: ? - help, Q - select action, (/) - cycle Shift-Dir - straight line, f/p - orc warrior
Aim: an orc warrior, wielding a +0 hand axe, wearing a +0 plate armour and quivering boomerangs (heavily wounded, 67% to hit)
You shoot a bolt. The bolt hits the orc warrior.
The orc warrior is severely wounded.
Unknown command.
Unknown command.
The orc warrior throws a boomerang.
The boomerang hits you!
You take 7 damage, and have 15/49 hp.
The orc warrior throws a boomerang.
The boomerang hits you.
* * * LOW HITPOINT WARNING * * *
You take 3 damage, and have 12/49 hp.
The orc warrior throws a boomerang.
You block the boomerang.
The orc warrior throws a boomerang.
The boomerang hits you.
* * * LOW HITPOINT WARNING * * *
You take 2 damage, and have 10/49 hp.
Fire: bolt
Press: ? - help, Q - select action, (/) - cycle Shift-Dir - straight line, f/p - orc warrior
Aim: an orc warrior, wielding a +0 hand axe, wearing a +0 plate armour and quivering boomerangs (severely wounded, 67% to hit)
You shoot a bolt. The bolt hits the orc warrior.
The orc warrior is almost dead.
The orc warrior throws a boomerang.
You block the boomerang.
Unknown command.
Unknown command.
Unknown command.
Unknown command.
Unknown command.
Unknown command.
Unknown command.
Unknown command.
i - a +0 war axe (weapon)
You closely miss the orc warrior.
The orc warrior is almost dead.
The orc warrior misses you.
You hit the orc warrior but do no damage.
The orc warrior is almost dead.
The orc warrior hits you with a +0 hand axe!
You die...

#..# ##.....###.#
#..# #.......##.#
####..# #..........#
#.....# #......†####
.....## ##..(..##
###..# ##...## #..#
##.## #.##
#############.# ..#
######....@o..(....#
###
............########
,, ######.###.# #.#
#.# ** #.# #.# *
###.# #<# #...# #.#
* * #.### #.# ,
##.## #.#


You could see an orc warrior.

Vanquished Creatures
  An iguana (D:4)
  An orc wizard (D:4)
  A killer bee zombie (D:3)
  A hound skeleton (D:3)
  An adder (D:3)
  2 dart slugs
  An orc (D:4)
  11 ball pythons
  2 bats
  9 endoplasms
  7 giant cockroaches
  12 goblins
  3 hobgoblins
  4 quokkas
  4 frilled lizards
  5 kobolds
  11 rats
76 creatures vanquished.

Vanquished Creatures (collateral kills)
  A dart slug (D:4)
  An endoplasm (D:4)
2 creatures vanquished.

Grand Total: 78 creatures vanquished

Notes
Turn   | Place    | Note
-------+----------+-------------------------------------------
     0 | D:1      | Orthodox the Deep Dwarf Hunter began the quest for the Orb.
     0 | D:1      | Reached XP level 1. HP: 19/19 MP: 1/1
   143 | D:1      | Found a faded altar of an unknown god.
   218 | D:1      | Reached XP level 2. HP: 26/26 MP: 2/2
  1256 | D:2      | Reached skill level 5 in Crossbows
  1256 | D:2      | Reached XP level 3. HP: 26/33 MP: 3/3
  2116 | D:3      | Found an iron altar of Okawaru.
  2204 | D:3      | Reached skill level 1 in Axes
  2204 | D:3      | Reached XP level 4. HP: 28/40 MP: 4/4
  3043 | D:4      | Noticed an orc warrior
  3171 | D:4      | Reached XP level 5. HP: 37/49 MP: 5/5
  3658 | D:4      | Slain by an orc warrior

Illustrated notes

Levels and vault maps discovered:
D:1:      dpeg_arrival_line_fractal, layout_basic,
          shapermc_ecumenical_altar_mp_urbaneastern
D:2:      kennysheep_the_goblin_king, layout_loops_ring, kennysheep_minor_cross,
          kennysheep_generic_room_5
D:3:      minmay_skewed_foursquare, layout_basic, okawaru_gym_becter
D:4:      layout_loops_ring

Skill      XL: |  1  2  3  4 |
---------------+-------------+-----
Fighting       | 2 3 |  3.5
Crossbows      | 5 |  5.7
Axes           | 1 2 |  2.2
Dodging        | |  2.1
Stealth        | |  1.2

Action                   |  1- 3 |  4- 6 || total
-------------------------+-------+-------++-------
Melee: Short sword       |    12 |       ||    12
       War axe           |    18 |    40 ||    58
 Fire: Hand crossbow     |    67 |    34 ||   101
 Abil: Heal Wounds       |       |     1 ||     1
  Use: Potion            |       |     1 ||     1
       Scroll            |       |     5 ||     5
 Stab: Sleeping          |     1 |     2 ||     3
Armor: Leather armour    |    12 |    11 ||    23
Dodge: Dodged            |    18 |    34 ||    52
Block: Buckler           |     4 |    12 ||    16
